 Dungeon Crawl Stone Soup version 0.32-a0-468-g38b2580584 (webtiles) character file.

Game seed: 12526361449701238455

11 ezpacito the Trooper (level 2, -1/24 HPs)
             Began as a Demonspawn Chaos Knight on Feb 24, 2024.
             Was a Plaything of Xom.
             Slain by a jackal (2 damage)
             ... on level 1 of the Dungeon.
             The game lasted 00:00:24 (137 turns).

ezpacito the Trooper (Demonspawn Chaos Knight)       Turns: 137, Time: 00:00:25

Health: -1/24      AC:  5    Str: 12    XL:     2   Next: 17%
Magic:  2/2        EV: 11    Int: 12    God:    Xom [..*...]
Gold:   28         SH:  0    Dex: 12    Spells: 1/1 levels left

rFire   . . .        a - +0 hand axe (chaos)
rCold   . . .        (no shield)
rNeg    . . .        b - +2 leather armour
rPois   .            (no helmet)
rElec   .            (no cloak)
rCorr   .            (no gloves)
SInv    .            (no boots)
Will    .....        (no amulet)
Stlth   +            (no ring)
HPRegen 0.24/turn    (no ring)
MPRegen 0.08/turn

%: no passive effects
@: no status effects
A: demonic guardian 1
a: Renounce Religion


You were on level 1 of the Dungeon.
You worshipped Xom.
You were a toy of Xom.
You visited 1 branch of the dungeon, and saw 1 of its levels.

You collected 28 gold pieces.

Inventory:

Hand Weapons
 a - a +0 hand axe of chaos (weapon)
Armour
 b - a +2 leather armour (worn)
Scrolls
 c - a scroll of butterflies
 d - a scroll of poison {unknown}


   Skills:
 * Level 3.1 Fighting
 * Level 2.7(2.8) Axes
 + Level 0.1(1.6) Polearms
 * Level 1.9 Armour
 * Level 1.1 Dodging
 + Level 0.2 Stealth
 * Level 0.3 Unarmed Combat
 + Level 0.1 Spellcasting


You had one spell level left.
You didn't know any spells.
Your spell library was empty.

Dungeon Overview and Level Annotations

Branches:
Dungeon (1/15)

Altars:


Innate Abilities, Weirdness & Mutations

A weak demonic guardian rushes to your aid.


Message History

The jackal is almost dead.
You hit the jackal. The jackal closely misses you.
The jackal barely misses you. The jackal completely misses you.
You barely miss the jackal.
The jackal is heavily wounded.
You closely miss the jackal. The jackal bites you.
* * * LOW HITPOINT WARNING * * *
The jackal bites you.
* * * LOW HITPOINT WARNING * * *
A demonic guardian appears!
The jackal bites you but does no damage.
The jackal bites you but does no damage.
The jackal barely misses you.
You hit the jackal.
You kill the jackal!
You hit the jackal but do no damage. The jackal barely misses you.
The jackal misses you.
Your shadow imp gestures at the jackal.
The hobgoblin writhes in agony!
The hobgoblin dies!
The jackal attacks as it pursues you! The jackal closely misses you.
Your shadow imp barely misses the jackal.
The giant cockroach bites your shadow imp.
The jackal bites you.
* * * LOW HITPOINT WARNING * * *
Your shadow imp closely misses the giant cockroach.
The giant cockroach bites your shadow imp.
Your shadow imp hits the giant cockroach but does no damage.
The giant cockroach barely misses your shadow imp.
You miss the jackal.
The jackal is lightly wounded.
You hit the jackal but do no damage.
The jackal is poisoned.
The jackal bites you.
* * * LOW HITPOINT WARNING * * *
The jackal misses you. The jackal barely misses you.
Your shadow imp closely misses the giant cockroach.
Your shadow imp hits the giant cockroach but does no damage.
The jackal bites you.
You die... "Huh?
Did I miss anything?"

###.#####..#.#.#..# #.†##..#!((#.
....##............# #.###..#()$#.
.......###.#.#.#...##.# #..#$?[#.
.)†.#..###.......#..#.###..#####.
#†.......#.#.#.#......#..........
#.##.#.#.........#.#..#..........
#..)(#.##...######....#.....#####
#.#[...####....##...........#
#.#.##.# ####..@.....#.....#
.......# ####hh...#.....##
##.....# #K...........# ####...
#..B.#.#.#.#.# ## #...
##.5..........# .###
#.†...#.#.#.#.# ....
.#######.###...(.....# .##.
......"..#...#.#.#.#.# .###
......#..............#


You could see 2 jackals, a giant cockroach (ally target), a kobold and a
friendly shadow imp (summoned).

Vanquished Creatures
  2 ball pythons (D:1)
  2 giant cockroaches (D:1)
  A goblin (D:1)
  A jackal (D:1)
  A frilled lizard (D:1)
  2 rats (D:1)
9 creatures vanquished.

Vanquished Creatures (collateral kills)
  A hobgoblin (D:1)
1 creature vanquished.

Grand Total: 10 creatures vanquished

Notes
Turn   | Place    | Note
-------+----------+-------------------------------------------
     0 | D:1      | ezpacito the Demonspawn Chaos Knight began the quest for
                  | the Orb.
     0 | D:1      | Reached XP level 1. HP: 18/18 MP: 1/1
    34 | D:1      | Reached skill level 1 in Dodging
   107 | D:1      | Gained mutation: A weak demonic guardian rushes to your
                  | aid. [demonic ancestry]
   107 | D:1      | Reached XP level 2. HP: 24/24 MP: 2/2
   136 | D:1      | HP: 1/24 [jackal (3)]
   137 | D:1      | Slain by a jackal

Illustrated notes

Levels and vault maps discovered:
D:1:      grunt_arrival_crossed_arrows, layout_rooms, serial_glass,
          glass_columns_b, glass_columns_c, due_unseen_surprise,
          minmay_strange_pillars, feat_on_display, item_on_display_b,
          grunt_decor_junction, minmay_domino_4

Skill      XL: |  1 |
---------------+----+-----
Dodging        | 1 |  1.1
Fighting       | |  3.1
Axes           | |  2.7
Polearms       | |  0.1
Armour         | |  1.9
Stealth        | |  0.2
Unarmed Combat | |  0.3
Spellcasting   | |  0.1

Action                     || total
---------------------------++-------
  Melee: Hand axe          ||    18
 Armour: Leather armour    ||    20
  Dodge: Dodged            ||    23

Table legend: (Time is in decaauts)
 A = Elapsed time spent in this place.
 B = Non-inter-level travel time spent in this place.
 C = Inter-level travel time spent in this place.
 D = Time resting spent in this place.
 E = Time spent auto-exploring this place.
 F = Levels seen in this place.
 G = Mean time per level.
                   A        B        C        D        E       F      G
               +--------+--------+--------+--------+--------+-----+--------+
         Total |    140 |    140 |      0 |      0 |     87 |   1 |  140.0 |
       Dungeon |    140 |    140 |      0 |      0 |     87 |   1 |  140.0 |
               +--------+--------+--------+--------+--------+-----+--------+

Top non-repeatable levels by time:
     D:1: 140 daAuts
